 Dungeon Crawl Stone Soup version 0.19.5-1-g796a6487f8 (webtiles) character file.

6043 rsvaco the Poker (level 10, -1/100 HPs)
             Began as a Troll Monk on Mar 25, 2017.
             Was an Elder of the Shining One.
             Killed by divine providence
             ... invoked by an orc priest
              (10 damage)
             ... on level 10 of the Dungeon on Dec 30, 2022.
             The game lasted 00:51:15 (7205 turns).

rsvaco the Poker (Troll Monk)                       Turns: 7205, Time: 00:51:16

Health: -1/100     AC:  8    Str: 30    XL:     10   Next: 57%
Magic:  5/9        EV: 12    Int:  6    God:    the Shining One [****..]
Gold:   106        SH:  6    Dex: 12    Spells: 0 memorised, 9 levels left

rFire  . . .     SeeInvis .     L - +4 shortbow
rCold  . . .     Gourm    +     e - +1 animal skin
rNeg   + + .     Faith    .     (shield currently unavailable)
rPois  .         Spirit   .     G - +2 hat
rElec  .         Reflect  .     (no cloak)
rCorr  .         Harm     .     (gloves unavailable)
MR     .....                    (boots unavailable)
Stlth  +.........               X - amulet of the gourmand
                                q - +3 ring of strength
                                y - +3 ring of strength

@: divine shield, silence, very slightly contaminated, hasted, glowing, very
quick
A: unfitting armour, claws 3, fast metabolism 3, gourmand, regeneration 1,
shaggy fur 1, tough skin 2
a: Renounce Religion


You were on level 10 of the Dungeon.
You worshipped the Shining One.
The Shining One was greatly pleased with you.
You were hungry.

You visited 1 branch of the dungeon, and saw 10 of its levels.

You collected 428 gold pieces.
You spent 322 gold pieces at shops.

Inventory:

Hand Weapons
 a - a +0 spear
 m - a +0 great mace
 t - a +1 trident
 w - a +1 scythe of venom
 E - a +0 battleaxe
 L - a +4 shortbow (weapon)
Missiles
 f - 254 stones
 x - 41 arrows (quivered)
 J - a throwing net
 M - 25 poisoned needles
 Q - 36 sling bullets
 U - 2 large rocks
 Z - 22 bolts
Armour
 e - a +1 animal skin (worn)
 G - a +2 hat (worn)
Magical Staves
 s - an uncursed staff of fire
 u - an uncursed staff of conjuration
 I - an uncursed staff of poison
Jewellery
 d - a -4 ring of strength
 q - a +3 ring of strength (right claw)
 y - a +3 ring of strength (left claw)
 P - a +4 ring of intelligence
 R - an uncursed ring of resist corrosion
 X - an amulet of the gourmand (around neck)
Wands
 S - a wand of slowing (31/48)
Scrolls
 g - 6 scrolls of remove curse
 n - 4 scrolls of recharging
 p - a scroll of random uselessness
 N - 2 scrolls of enchant weapon
 W - a scroll of identify
Potions
 o - 2 potions of lignification
 r - 2 potions of haste {unknown}
 v - 4 potions of degeneration
 C - a potion of invisibility {unknown}
 D - 2 potions of agility {unknown}
 F - a potion of berserk rage
 V - a potion of might {unknown}
Books
 l - a book of Debilitation

   Spells                             Type                      Level
   a - Corona                         Hexes                        1
   b - Slow                           Hexes                        2
   c - Gell's Gravitas                Hexes/Translocation          3
   d - Inner Flame                    Hexes/Fire                   3
   e - Cause Fear                     Hexes                        4
   f - Leda's Liquefaction            Hexes/Earth                  4
Comestibles
 c - 2 bread rations


   Skills:
 + Level 6.6 Fighting
 + Level 7.9 Polearms
 + Level 6.1 Bows
 + Level 0.1 Throwing
 + Level 5.4 Dodging
 + Level 2.1 Stealth


You had 9 spell levels left.
You didn't know any spells.

Dungeon Overview and Level Annotations

Branches:
Dungeon (10/15)            Temple (0/1) D:5            Lair (0/6) D:10
    Orc: D:9-12

Altars:
Ashenzari
Fedhas
Gozag
Qazlal
Ru
Sif Muna
Uskayaw
Vehumet
Xom
Yredelemnul
Zin
The Shining One

Shops:
D:9 ??:}=


Innate Abilities, Weirdness & Mutations

You are too large for most types of armour.
You have claws for hands.
Your metabolism is lightning-fast.
You like to eat raw meat.
Your natural rate of healing is unusually fast.
You are covered in fur. (AC +1)
You have very tough skin. (AC +2)


Message History

The magic dart hits you!
* * * LOW HITPOINT WARNING * * *
You are too injured to fight recklessly!
You are too injured to fight recklessly!
Firing (i - inventory. (,) - cycle):
x - 43 arrows (quivered)
Press: ? - help, Shift-Dir - straight line, f/p - Psyche
Aim: Psyche, wielding a dagger of chaos and wearing a glowing robe (silenced, moderately wounded, fast, haloed)
You shoot an arrow. The arrow hits Psyche!!
Psyche is severely wounded.
You block Psyche's attack. Psyche barely misses you.
Firing (i - inventory. (,) - cycle):
x - 42 arrows (quivered)
Press: ? - help, Shift-Dir - straight line, f/p - Psyche
Aim: Psyche, wielding a dagger of chaos and wearing a glowing robe (silenced, severely wounded, fast, haloed)
You shoot an arrow. The arrow hits Psyche!!
You kill Psyche!
Your life force feels restored.
The orc priest calls down the wrath of Beogh upon you.
Beogh smites you!
You die...

******** **,...#.###########
*,,,........#.....#
*,,,,.......#.....*
*,,,,,......#....#*###*
###*,,,*#....##....##...**
..##+####....##.........,*
................@.......,*
........................,*
..##...##....##.(..##..#*********
..#######....##.(..#*,,#**,,*,,*,
.......+......#....#,,,,,,,,>*,,,
.......#......#....#,,,,,,,,,*,,,
.......#......#.u..#,,,,,,,,,*,,,
####...##.....#or..#,,,,,,,,,*,,,
#########....##....#*,,**,*******


You could see a brown ugly thing, an orc priest and a quokka.

Vanquished Creatures
  Pikel (D:7)
  A manticore (D:10)
  Psyche (D:10)
  The ghost of StormFighter the Digger, a novice DEEE of Vehumet (D:4)
  Grinder (D:6)
  A two-headed ogre (D:9)
  Sigmund (D:5)
  6 yaks (D:9)
  A hungry ghost (D:8)
  2 slaves (D:7)
  2 ice beasts
  2 sky beasts
  4 ogres
  A black bear (D:10)
  4 phantoms
  2 centaurs
  A big kobold (D:10)
  3 bullfrogs
  A wyvern skeleton (D:10)
  3 scorpions
  5 crimson imps
  2 bullfrog zombies
  4 hounds
  An orc priest (D:6)
  2 centaur skeletons
  A gnoll shaman (D:6)
  A bullfrog skeleton (D:10)
  An iguana (D:9)
  9 orc wizards
  7 worker ants
  2 killer bee zombies
  A hound zombie (D:7)
  A worker ant zombie (D:9)
  10 gnolls
  11 adders
  An ooze (D:1)
  2 adder skeletons (D:8)
  An adder zombie (D:5)
  4 worms
  4 dart slugs
  9 leopard geckos
  25 orcs
  2 ball pythons
  5 giant cockroaches
  6 goblins
  8 hobgoblins
  A jackal (D:7)
  19 kobolds
  3 quokkas
  9 bats
  5 frilled lizards
  A jackal skeleton (D:4)
  23 rats
225 creatures vanquished.

Vanquished Creatures (others)
  A worker ant (D:7)
1 creature vanquished.

Grand Total: 226 creatures vanquished

Notes
Turn   | Place    | Note
-------+----------+-------------------------------------------
     0 | D:1      | rsvaco the Troll Monk began the quest for the Orb.
     0 | D:1      | Reached XP level 1. HP: 22/22 MP: 0/0
   108 | D:1      | Reached XP level 2. HP: 29/29 MP: 1/1
   545 | D:1      | Reached XP level 3. HP: 28/36 MP: 2/2
   693 | D:1      | Reached skill level 3 in Polearms
   906 | D:2      | Found a glowing golden altar of the Shining One.
   915 | D:2      | Became a worshipper of the Shining One
   915 | D:2      | Reached * piety under the Shining One
   915 | D:2      | Reached ** piety under the Shining One
   966 | D:2      | Reached XP level 4. HP: 18/44 MP: 3/3
  1243 | D:2      | Found a basalt altar of Yredelemnul.
  1258 | D:2      | Found a glowing silver altar of Zin.
  1263 | D:2      | Found an opulent altar of Gozag.
  1644 | D:3      | Upgraded the game from 0.19.5 to 0.19.5-1-g796a6487f8
  1962 | D:3      | Reached XP level 5. HP: 51/52 MP: 4/4
  2184 | D:4      | Reached skill level 4 in Polearms
  2368 | D:4      | Reached XP level 6. HP: 32/61 MP: 5/5
  2397 | D:4      | Noticed StormFighter's ghost (novice DEEE)
  2413 | D:4      | Killed StormFighter's ghost
  2413 | D:4      | Reached skill level 5 in Polearms
  2509 | D:4      | Reached XP level 7. HP: 64/67 MP: 6/6
  3288 | D:5      | Entered Level 5 of the Dungeon
  3305 | D:5      | Reached skill level 6 in Polearms
  3488 | D:5      | Found a sacrificial altar of Ru.
  3566 | D:5      | Noticed Sigmund
  3578 | D:5      | Killed Sigmund
  3578 | D:5      | Reached XP level 8. HP: 61/78 MP: 7/7
  3610 | D:5      | Found a sacrificial altar of Ru.
  3768 | D:5      | Found a radiant altar of Vehumet.
  3996 | D:5      | Found a staircase to the Ecumenical Temple.
  4153 | D:6      | Reached *** piety under the Shining One
  4236 | D:6      | Noticed Grinder
  4240 | D:6      | Paralysed by Grinder for 3 turns
  4250 | D:6      | Killed Grinder
  4250 | D:6      | Reached skill level 7 in Polearms
  4483 | D:6      | Found a blossoming altar of Fedhas.
  4514 | D:6      | Found a stormy altar of Qazlal.
  4623 | D:6      | Reached skill level 5 in Fighting
  4713 | D:6      | Reached XP level 9. HP: 88/88 MP: 8/8
  4799 | D:7      | Noticed Pikel
  4799 | D:7      | Noticed an enchanted dagger
  4799 | D:7      | Noticed a dagger
  4919 | D:7      | Found a hide-covered altar of Uskayaw.
  5025 | D:7      | Reached **** piety under the Shining One
  5031 | D:7      | Reached skill level 1 in Bows
  5049 | D:7      | HP: 4/88 [Pikel/whip of flaming (2)]
  5130 | D:7      | Found a shattered altar of Ashenzari.
  5259 | D:7      | Killed Pikel
  5344 | D:8      | Reached skill level 5 in Dodging
  6170 | D:8      | Found a deep blue altar of Sif Muna.
  6246 | D:9      | Found Micwil's Jewellery Emporium.
  6511 | D:9      | Found Oviuwnul's Book Shoppe.
  6572 | D:9      | Reached XP level 10. HP: 82/98 MP: 9/9
  6602 | D:9      | Found Bamehin's Magic Scroll Shoppe.
  6605 | D:9      | Bought a scroll of enchant weapon for 127 gold pieces
  6605 | D:9      | Bought a scroll of identify for 34 gold pieces
  6605 | D:9      | Bought a scroll of magic mapping for 59 gold pieces
  6605 | D:9      | Bought a scroll of identify for 34 gold pieces
  6605 | D:9      | Bought a scroll of identify for 34 gold pieces
  6605 | D:9      | Bought a scroll of identify for 34 gold pieces
  6614 | D:9      | Reached skill level 5 in Bows
  6674 | D:9      | Found Fein's Magic Scroll Boutique.
  6770 | D:9      | Found a shimmering altar of Xom.
  6771 | D:9      | Found a shimmering altar of Xom.
  6771 | D:9      | Found a shimmering altar of Xom.
  6772 | D:9      | Found a shimmering altar of Xom.
  6831 | D:9      | Found Zakin's Gadget Emporium.
  6849 | D:10     | Entered Level 10 of the Dungeon
  6918 | D:10     | Noticed a manticore
  6926 | D:10     | Killed a manticore
  7165 | D:10     | Noticed Psyche
  7167 | D:10     | Noticed a brown ugly thing
  7204 | D:10     | Killed Psyche
  7205 | D:10     | Killed from afar by an orc priest

Skill      XL: |  1  2  3  4  5  6  7  8  9 10 |
---------------+-------------------------------+-----
Polearms       | 3 4 5 6 7 |  7.9
Dodging        | 3 4 5 |  5.4
Fighting       | 3 4 5 6 |  6.6
Stealth        | 2 |  2.1
Bows           | 4 6 |  6.1
Throwing       | |  0.1

Action                   |  1- 3 |  4- 6 |  7- 9 | 10-12 || total
-------------------------+-------+-------+-------+-------++-------
Melee: Spear             |   128 |    63 |       |       ||   191
       Trident           |       |   110 |   173 |       ||   283
 Fire: Shortbow          |       |       |   236 |   121 ||   357
Throw: Stone             |    23 |       |       |       ||    23
Invok: Divine Shield     |       |       |       |     2 ||     2
  Use: Scroll            |     3 |     1 |    13 |     7 ||    24
       Potion            |       |       |     6 |       ||     6
 Stab: Sleeping          |     4 |     1 |       |       ||     5
  Eat: Chunk             |    14 |     8 |       |     1 ||    23
       Meat ration       |       |       |     3 |       ||     3
       Fruit             |       |       |     5 |       ||     5
       Bread ration      |       |       |     4 |     1 ||     5
       Beef jerky        |       |       |     2 |       ||     2
Armor: Robe              |    38 |    39 |    68 |       ||   145
       Animal skin       |       |       |    32 |    30 ||    62
Dodge: Dodged            |    79 |    78 |   197 |    57 ||   411
Block: Other             |       |       |       |     3 ||     3
